 Dungeon Crawl Stone Soup version 0.28.0-49-g6dfe1f597d (webtiles) character file.

Game seed: 6427624390250576872

40 Atelerd the Digger (level 3, -7/21 HPs)
             Began as an Octopode Earth Elementalist on May 12, 2022.
             Killed from afar by a white imp (8 damage)
             ... with a puff of frost
             ... summoned by Natasha
             ... on level 2 of the Dungeon.
             The game lasted 00:01:19 (1551 turns).

Atelerd the Digger (Octopode Earth Elementalist)    Turns: 1551, Time: 00:01:20

Health: -7/21      AC:  1    Str:  7    XL:     3   Next: 50%
Magic:  4/6        EV: 13    Int: 19    God:
Gold:   32         SH:  0    Dex: 12    Spells: 6/7 levels left

rFire   . . .      SeeInvis .   d - +0 dagger
rCold   . . .      Faith    .   (no shield)
rNeg    . . .      Spirit   .   (helmet restricted)
rPois   .          Reflect  .   (no amulet)
rElec   .          Harm     .   (no ring)
rCorr   .          Rampage  .   (no ring)
Will    .....                   (no ring)
Stlth   +++.......              (no ring)
HPRegen 0.07/turn               (no ring)
MPRegen 0.10/turn               (no ring)
                                (no ring)
                                (no ring)

@: no status effects
A: almost no armour, amphibious, 8 rings, camouflage 1, gelatinous body 1,
(nimble swimmer 1), tentacles
a: no special abilities


You were on level 2 of the Dungeon.
You visited 1 branch of the dungeon, and saw 2 of its levels.

You collected 32 gold pieces.

Inventory:

Hand Weapons
 d - a +0 dagger (weapon)
Missiles
 b - 30 stones
Scrolls
 e - 2 scrolls of teleportation {unknown}
 g - a scroll of blinking {unknown}
 h - a scroll of vulnerability {unknown}
Potions
 a - a potion of mutation {unknown}
 c - 2 potions of brilliance {unknown}
 f - 2 potions of haste {unknown}


   Skills:
 - Level 2.0 Dodging
 - Level 2.6 Stealth
 + Level 2.5 Spellcasting
 + Level 2.0 Transmutations
 + Level 3.5 Earth Magic


You had 6 spell levels left.
You knew the following spells:

 Your Spells              Type           Power      Damage    Failure   Level
a - Sandblast             Erth           30%        2d9       3%          1

Your spell library contained the following spells:

 Spells                   Type           Power      Damage    Failure   Level
 Passwall                 Tmut/Erth      10%        N/A       8%          2
 Stone Arrow              Conj/Erth      18%        3d8       22%         3
 Petrify                  Tmut/Erth      13%        N/A       45%         4


Dungeon Overview and Level Annotations

Branches:
Dungeon (2/15)

Altars:

Annotations:
D:2 Natasha


Innate Abilities, Weirdness & Mutations

You cannot wear most types of armour.
You are amphibious.
You can wear up to eight rings at the same time.
Your skin changes colour to match your surroundings (Stealth+).
Your rubbery body absorbs attacks. (AC +1, EV +1)
((You are camouflaged when in or above water. (Stealth+)))
You have tentacles for arms and can constrict up to eight enemies at once.


Message History

There is a stone staircase leading up here.
Natasha, Servant of Life and Death comes into view.
Natasha is nearby!
A bat comes into view.
There are monsters nearby!
Natasha hisses angrily.
Natasha mumbles some strange words.
There are monsters nearby!
The bat barely misses you.
Natasha stares at you and mumbles some strange words.
The magic dart hits you.
There are monsters nearby!
You closely miss the crimson imp. You grab the crimson imp.
You constrict the crimson imp, but do no damage.
The bat hits you but does no damage.
The blast of sand hits the crimson imp!
The crimson imp is almost dead.
You constrict the crimson imp.
You kill the crimson imp!
The crimson imp disappears in a puff of smoke!
The bat closely misses you.
Natasha casts a spell.
You hit the white imp but do no damage. Your grab misses the white imp.
The bat hits you but does no damage. The white imp hits you.
The white imp freezes you.
* * * LOW HITPOINT WARNING * * *
Unknown command.
Casting: Sandblast (safe; 3% risk of failure)
Confirm with . or Enter, or press ? or * to list all spells.
Aiming: Sandblast (safe; 3% risk of failure)
Press: ? - help, Shift-Dir - straight line, f - Natasha
Aim: Natasha (purple smoke, 74% to hit)
The blast of sand hits Natasha.
Natasha is moderately wounded.
Natasha claws you.
* * * LOW HITPOINT WARNING * * *
The bat closely misses you. The white imp gestures at you.
The puff of frost hits you!
You die...

#.# ### #.##
###.
......##...
........##.
###.#........
#.....§...###
#..5bh......
#.#@§#
#.#..######
#..........
###.###..######
.........#
#######.## #.#
#.# #.# #..#


You could see Natasha, a white imp (summoned) and a bat.

Vanquished Creatures
  A gnoll (D:1)
  A worm (D:2)
  5 bats
  2 endoplasms (D:1)
  4 giant cockroaches (D:1)
  2 goblins (D:1)
  2 hobgoblins (D:1)
  3 jackals (D:1)
  A kobold (D:1)
  A ball python (D:1)
  2 rats (D:1)
24 creatures vanquished.

Notes
Turn   | Place    | Note
-------+----------+-------------------------------------------
     0 | D:1      | Atelerd the Octopode Earth Elementalist began the quest for
                  | the Orb.
     0 | D:1      | Reached XP level 1. HP: 11/11 MP: 3/3
   138 | D:1      | Reached XP level 2. HP: 9/17 MP: 1/5
   472 | D:1      | Reached XP level 3. HP: 10/21 MP: 1/6
  1543 | D:2      | Noticed Natasha
  1551 | D:2      | HP: 1/21 [Natasha (5)]
  1551 | D:2      | Killed from afar by a white imp

Illustrated notes

Levels and vault maps discovered:
D:1:      psy_arrival_fountain, layout_basic, minmay_pentomino_w2
D:2:      minmay_general_purpose_star, layout_loops_ring, uniq_robin,
          uniq_natasha, uniq_terence

Skill      XL: |  1  2  3 |
---------------+----------+-----
Transmutations | 2 |  2.0
Dodging        | |  2.0
Stealth        | |  2.6
Spellcasting   | |  2.5
Earth Magic    | |  3.5

Action                   || total
-------------------------++-------
Melee: Unarmed           ||    14
       Constrict         ||     8
       Tentacles         ||     5
       Dagger            ||    14
       Punch             ||     1
 Cast: Sandblast         ||    23
 Stab: Sleeping          ||     3
Armor: Skin              ||    10
Dodge: Dodged            ||    38
